 Dungeon Crawl Stone Soup version 0.15-a0-335-g04a2ae6 (webtiles) character file.

2358 4tharraofdagon the Thaumaturge (level 9, 0/45 HPs)
             Began as a Deep Elf Fire Elementalist on May 1, 2014.
             Was an Initiate of Vehumet.
             Killed from afar by an electric eel (11 damage)
             ... with a bolt of electricity
             ... on Level 8 of the Dungeon.
             The game lasted 00:16:59 (2461 turns).

4tharraofdagon the Thaumaturge (DEFE)               Turns: 2461, Time: 00:16:59

HP   0/45        AC  8     Str  5      XL: 9   Next:  6%
MP  25/39        EV 13     Int 24      God: Vehumet [......]
Gold 272         SH  0     Dex 15      Spells:  5 memorised, 10 levels left

rFire  . . .     SeeInvis .     z - +2,+4 quarterstaff (chaos)
rCold  . . .     Clarity  .     F - +0 robe
rNeg   . . .     Conserve +     (no shield)
rPois  .         rCorr    .     e - +0 helmet
rElec  .         rRot     .     k - +2 cloak
SustAb . .       Spirit   .     u - +0 pair of gloves
rMut   .         Warding  .     (no boots)
Saprov . . .     Stasis   .     G - amulet of conservation
MR     .....                    C - +1 ring of protection
                                g - ring of magical power

@: lethally poisoned, not resistant to hostile enchantments, unstealthy
A: no striking features
a: Renounce Religion


You were on level 8 of the Dungeon.
You worshipped Vehumet.
Vehumet was noncommittal.
You were not hungry.

You visited 2 branches of the dungeon, and saw 9 of its levels.
You also visited: Sewer.

You collected 272 gold pieces.

Inventory:

Hand weapons
 z - a +2,+4 quarterstaff of chaos (weapon)
Armour
 a - a +0 robe
 e - a +0 helmet (worn)
 k - a +2 cloak (worn)
 u - a +0 pair of gloves (worn)
 F - a +0 robe (worn)
 H - a +1 cloak
Magical devices
 h - a wand of teleportation (3)
 B - a wand of magic darts (14)
 I - a wand of magic darts (7)
Comestibles
 c - 5 bread rations
 m - 2 meat rations
 N - 2 chunks of worker ant flesh
Scrolls
 f - 4 scrolls of fog
 j - a scroll of identify
 l - a scroll of amnesia {unknown}
 n - 2 scrolls of random uselessness {unknown}
 o - a scroll of teleportation {unknown}
 p - 5 scrolls of remove curse
 r - 3 scrolls of noise {unknown}
 v - a scroll of enchant armour {unknown}
 w - a scroll of fear {unknown}
 x - a scroll of enchant weapon II {unknown}
 A - 2 scrolls of enchant weapon I {unknown}
 M - a scroll of recharging {unknown}
Jewellery
 g - a ring of magical power (left hand)
 y - an uncursed ring of protection from magic
 C - a +1 ring of protection (right hand)
 G - an amulet of conservation (around neck)
Potions
 d - 2 potions of haste
 i - a potion of lignification
 q - 2 potions of poison
 s - a potion of might
 t - 5 potions of curing
 D - a potion of flight {unknown}
 E - 2 potions of restore abilities
 J - a potion of magic {unknown}
 L - a potion of resistance
Books
 b - a book of Flames

   Spells                             Type                      Level
   *Flame Tongue                      Conjuration/Fire             1
   Throw Flame                        Conjuration/Fire             2
   *Conjure Flame                     Conjuration/Fire             3
   Inner Flame                        Hexes/Fire                   3
   *Sticky Flame                      Conjuration/Fire             4
   *Fireball                          Conjuration/Fire             5
 K - a book of Fire

   Spells                             Type                      Level
   Ignite Poison                      Fire/Transmutation           5
   *Fireball                          Conjuration/Fire             5
   *Bolt of Fire                      Conjuration/Fire             6
   Delayed Fireball                   Conjuration/Fire             7
   Ring of Flames                     Charms/Fire                  7


   Skills:
 - Level 2.4 Dodging
 - Level 2.4 Stealth
 * Level 10.7 Spellcasting
 + Level 7.0 Conjurations
 + Level 7.4 Fire Magic


You had 10 spell levels left.
You knew the following spells:

 Your Spells              Type           Power        Failure   Level  Hunger
a - Flame Tongue          Conj/Fire      #####        1%          1    None
b - Conjure Flame         Conj/Fire      #####...     1%          3    None
c - Sticky Flame          Conj/Fire      #####...     2%          4    None
d - Fireball              Conj/Fire      #####.....   10%         5    ###....
e - Bolt of Fire          Conj/Fire      #####.....   45%         6    #####..


Dungeon Overview and Level Annotations

Branches:
Dungeon (8/15)             Temple (1/1) D:5
   Lair: D:8-11

Altars:
Cheibriados
Kikubaaqudgha
Nemelex Xobeh
Okawaru
Sif Muna
Vehumet

Shops:
D:8 %

Annotations:
D:8 Duvessa


Message History

Unknown command.
Unknown command.
Casting: Fireball
Confirm with . or Enter, or press ? or * to list all spells.
Aiming: Sticky Flame
Press: ? - help, Shift-Dir - straight line, f - Duvessa
Aim: Duvessa, wielding a short sword and wearing a scale mail (moving very quickly)
The sticky flame hits Duvessa.
Duvessa is lightly wounded.
Duvessa is covered in liquid flames!
Duvessa burns!
Duvessa hits you with a short sword!
* * * LOW HITPOINT WARNING * * *
Duvessa barely misses you. Vehumet accepts your kill.
You hear a splash. x2
You feel a bit more experienced.
Duvessa burns!
The electric eel shoots out a bolt of electricity!
The bolt of electricity hits you!
You die...

≈≈≈.≈≈≈≈P....
≈.≈≈≈≈;≈≈≈P...#
≈≈.≈≈≈%§§§....#
P.≈≈≈§≈§§≈P...#
..≈≈.≈≈§§§P....##
#P..P..........
#####........♣.
#......♣♣..
#.e...♣♣ ###
#@...♣♣ ♣.. #....♣
♣.. #....♣♣ ♣♣..
#.....♣♣ ♣♣...
#......♣♣♣♣♣♣♣....
#.................
#.................
#.................
##################


You could see Duvessa (burning) and an electric eel.

Vanquished Creatures
  A spriggan (D:7)
  A wyvern (D:8)
  A phantom (D:4)
  A sky beast (D:6)
  An orc warrior (D:8)
  2 ogres
  2 centaurs (D:6)
  A big kobold (Sewer)
  A killer bee (D:8)
  An electric eel (D:8)
  A hippogriff skeleton (D:5)
  8 wights
  The ghost of 4tharraofdagon the Firebug, a weakling DEFE (D:3)
  Dowan (D:8)
  A big fish (Sewer)
  A jelly (D:7)
  2 orc priests
  A crimson imp (D:6)
  Crazy Yiuf (D:5)
  A centaur skeleton (D:6)
  3 orc wizards (D:5)
  2 worker ants
  Ijyb (D:7)
  An ogre skeleton (D:7)
  A hound skeleton (D:6)
  6 gnolls
  4 adders
  2 shadow imps
  2 giant mites
  3 worms
  A giant gecko (D:1)
  7 orcs
  4 giant cockroaches
  5 hobgoblins
  2 jackals (Sewer)
  6 kobolds
  3 quokkas
  4 bats
  5 giant newts
  5 goblins
  A hobgoblin skeleton (D:6)
  A kobold zombie (D:5)
  An orc skeleton (D:6)
  An orc zombie (D:7)
  13 rats
  A rat skeleton (D:7)
  A rat zombie (D:7)
116 creatures vanquished.

Vanquished Creatures (others)
  A rat (D:8)
1 creature vanquished.

Grand Total: 117 creatures vanquished

Notes
Turn   | Place    | Note
--------------------------------------------------------------
     0 | D:1      | 4tharraofdagon, the Deep Elf Fire Elementalist, began the quest for the Orb.
     0 | D:1      | Reached XP level 1. HP: 10/10 MP: 5/5
   172 | D:2      | Reached XP level 2. HP: 12/15 MP: 6/8
   245 | D:1      | Reached XP level 3. HP: 12/19 MP: 3/11
   250 | D:1      | Learned a level 3 spell: Conjure Flame
   479 | D:3      | Noticed 4tharraofdagon's ghost (weakling DEFE)
   550 | D:3      | Killed 4tharraofdagon's ghost
   550 | D:3      | Reached skill level 4 in Spellcasting
   550 | D:3      | Reached XP level 4. HP: 17/24 MP: 13/15
   556 | D:3      | Learned a level 4 spell: Sticky Flame
   633 | D:4      | Noticed a phantom
   644 | D:4      | Killed a phantom
   644 | D:4      | Reached XP level 5. HP: 25/28 MP: 16/18
   723 | D:4      | Found an iron altar of Okawaru.
   828 | D:5      | Entered Level 5 of the Dungeon
   883 | D:4      | You fall through a shaft!
   935 | D:6      | Reached skill level 5 in Spellcasting
   938 | D:6      | Noticed a centaur
   943 | D:6      | Noticed a centaur
   947 | D:6      | Killed a centaur
   947 | D:6      | Reached XP level 6. HP: 26/32 MP: 18/21
   952 | D:6      | Killed a centaur
   952 | D:6      | Reached skill level 6 in Spellcasting
   952 | D:6      | Reached skill level 5 in Fire Magic
   972 | D:6      | Learned a level 5 spell: Fireball
  1079 | D:6      | Noticed an ogre
  1087 | D:6      | Killed an ogre
  1110 | D:6      | Found a glowing drain.
  1127 | D:6      | Reached XP level 7. HP: 33/36 MP: 20/24
  1136 | Sewer    | Entered a sewer
  1197 | Sewer    | Reached skill level 7 in Spellcasting
  1211 | Sewer    | Found a white marble altar of Elyvilon.
  1282 | D:6      | Reached skill level 5 in Conjurations
  1400 | D:6      | Noticed a sky beast
  1413 | D:6      | Killed a sky beast
  1443 | D:7      | Noticed a spriggan baker
  1449 | D:7      | Killed a spriggan baker
  1449 | D:7      | Reached skill level 8 in Spellcasting
  1449 | D:7      | Reached XP level 8. HP: 30/41 MP: 23/27
  1556 | D:7      | Reached skill level 9 in Spellcasting
  1565 | D:7      | Noticed Ijyb
  1574 | D:7      | Killed Ijyb
  1692 | D:8      | Found Wubitt's Food Boutique.
  1969 | D:5      | Noticed Crazy Yiuf
  1976 | D:5      | Killed Crazy Yiuf
  2040 | D:5      | Reached skill level 10 in Spellcasting
  2127 | D:5      | Found a staircase to the Ecumenical Temple.
  2132 | Temple   | Entered the Ecumenical Temple
  2169 | Temple   | Became a worshipper of Vehumet
  2236 | D:5      | Found a snail-covered altar of Cheibriados.
  2407 | D:8      | Reached XP level 9. HP: 41/45 MP: 30/30
  2435 | D:8      | Learned a level 6 spell: Bolt of Fire
  2453 | D:8      | Noticed Duvessa
  2454 | D:8      | Noticed Dowan
  2460 | D:8      | Killed Dowan
  2461 | D:8      | Killed from afar by an electric eel

Action                   |  1- 3 |  4- 6 |  7- 9 || total
-------------------------+-------+-------+-------++-------
Melee: Hand axe          |     1 |       |       ||     1
       Mace              |       |     1 |    12 ||    13
       Quarterstaff      |       |       |    39 ||    39
 Cast: Flame Tongue      |    36 |    59 |    90 ||   185
       Conjure Flame     |     2 |     1 |     5 ||     8
       Sticky Flame      |       |     5 |    19 ||    24
       Fireball          |       |       |     5 ||     5
Evoke: Wand              |     1 |     1 |       ||     2
  Use: Potion            |     4 |     1 |     1 ||     6
       Scroll            |     1 |     2 |     4 ||     7
